[Event "18th Charleroi Open-A 2019"]
[Site "Charleroi"]
[Date "2019.08.02"]
[Round "8.17"]
[White "Boucquet, Emile"]
[Black "Roos, David"]
[Result "0-1"]
[ECO "B01"]
[WhiteElo "2064"]
[BlackElo "2114"]
[Annotator "NA"]
[PlyCount "67"]
[EventDate "2019.07.22"]
[EventType "swiss"]
[EventCountry "BEL"]
[SourceTitle "playchess.com"]
[Source "ChessBase"]
[SourceQuality "1"]
[TimeControl "40/5400+30:1800+30"]

1. e4 d5 2. exd5 Qxd5 3. Nc3 Qa5 4. d4 c6 5. Bd2 Nf6 6. h3 Bf5 7. g4 Bg6 8. Bg2 e6 9. f4 Bb4 10. Nge2 Nbd7 11. O-O h6 12. Ng3 O-O 13. f5 exf5 14. Nxf5 Rfe8 15. a3 Bf8 16. Kh1 Qb6 17. Be1 Rad8 18. Rb1 Bxf5 19. Rxf5 g6 20. Rf1 Bg7 21. Bf2 Qa5 22. Qc1 Nf8 23. b4 Qc7 24. b5 Ne6 25. bxc6 bxc6 26. Rb4 Qd7 27. Qb2 Rc8 28. Rb7 Rc7 29. Rb1 Nd8 30. Rxc7 Qxc7 31. Qb8 Qa5 32. Qb4 Qc7 33. Bg1 Bf8 34. Qa4 0-1

[Event "18th Charleroi Open-A 2019"]
[Site "Charleroi"]
[Date "2019.08.02"]
[Round "8.19"]
[White "Moreels, Yves"]
[Black "Vanden Bussche, Steven"]
[Result "1-0"]
[ECO "C60"]
[WhiteElo "2079"]
[BlackElo "2061"]
[Annotator "NA"]
[PlyCount "58"]
[EventDate "2019.07.22"]
[EventType "swiss"]
[EventCountry "BEL"]
[SourceTitle "playchess.com"]
[Source "ChessBase"]
[SourceQuality "1"]
[TimeControl "40/5400+30:1800+30"]

1. e4 e5 2. Nf3 Nc6 3. Bb5 Nge7 4. O-O a6 5. Ba4 g6 6. c3 b5 7. Bb3 Bg7 8. d4 exd4 9. cxd4 d6 10. h3 O-O 11. a4 Bb7 12. axb5 axb5 13. Rxa8 Bxa8 14. d5 Na5 15. Bc2 c6 16. dxc6 Bxc6 17. Nc3 Nc4 18. Nd4 b4 19. Nxc6 Nxc6 20. Na4 Bd4 21. b3 N4a5 22. Bb2 Bxb2 23. Nxb2 Qf6 24. Qa1 Qc3 25. Rc1 Nd4 26. Bd3 Ndxb3 27. Rxc3 Nxa1 28. Rc7 Rb8 29. Ra7 N1b3 1-0

[Event "18th Charleroi Open-A 2019"]
[Site "Charleroi"]
[Date "2019.08.02"]
[Round "8.20"]
[White "Hafner, Christian"]
[Black "Damlakhi, Mahmoud"]
[Result "1-0"]
[ECO "A14"]
[WhiteElo "2071"]
[BlackElo "2008"]
[Annotator "NA"]
[PlyCount "40"]
[EventDate "2019.07.22"]
[EventType "swiss"]
[EventCountry "BEL"]
[SourceTitle "playchess.com"]
[Source "ChessBase"]
[SourceQuality "1"]
[TimeControl "40/5400+30:1800+30"]

1. c4 c6 2. Nf3 d5 3. g3 Nf6 4. Bg2 e6 5. b3 Be7 6. O-O O-O 7. Bb2 Nbd7 8. d3 b6 9. Nbd2 Bb7 10. Rc1 c5 11. cxd5 exd5 12. Nh4 Re8 13. h3 Bf8 14. Re1 Rc8 15. e4 dxe4 16. dxe4 Ne5 17. Bxe5 Rxe5 18. Qc2 Qc7 19. Re3 Ree8 20. Rce1 g6 1-0

[Event "18th Charleroi Open-A 2019"]
[Site "Charleroi"]
[Date "2019.08.02"]
[Round "8.22"]
[White "Uhoda, Philippe"]
[Black "Roels, Frederik"]
[Result "1/2-1/2"]
[ECO "B08"]
[WhiteElo "2062"]
[BlackElo "1944"]
[Annotator "NA"]
[PlyCount "42"]
[EventDate "2019.07.22"]
[EventType "swiss"]
[EventCountry "BEL"]
[SourceTitle "playchess.com"]
[Source "ChessBase"]
[SourceQuality "1"]
[TimeControl "40/5400+30:1800+30"]

1. d4 Nf6 2. Nf3 g6 3. Nc3 Bg7 4. e4 d6 5. Be3 O-O 6. h3 Nbd7 7. Qd2 c5 8. dxc5 Nxc5 9. Bxc5 dxc5 10. Qxd8 Rxd8 11. Bc4 e6 12. O-O Bd7 13. e5 Ne8 14. Bd3 Bc6 15. Be4 Bxe4 16. Nxe4 b6 17. Rfd1 f6 18. exf6 Nxf6 19. Nxf6+ Bxf6 20. c3 Kf7 21. Kf1 Ke7 1/2-1/2

[Event "18th Charleroi Open-A 2019"]
[Site "Charleroi"]
[Date "2019.08.02"]
[Round "8.23"]
[White "De Weird, Matthias"]
[Black "Van Dijck, Bjarne"]
[Result "1/2-1/2"]
[ECO "D95"]
[WhiteElo "2009"]
[BlackElo "2053"]
[Annotator "NA"]
[PlyCount "57"]
[EventDate "2019.07.22"]
[EventType "swiss"]
[EventCountry "BEL"]
[SourceTitle "playchess.com"]
[Source "ChessBase"]
[SourceQuality "1"]
[TimeControl "40/5400+30:1800+30"]

1. d4 Nf6 2. c4 g6 3. Nc3 d5 4. e3 Bg7 5. Qb3 c6 6. Nf3 O-O 7. Bd2 a6 8. Rc1 dxc4 9. Bxc4 b5 10. Be2 Bb7 11. O-O Nbd7 12. a4 Qb6 13. Rc2 Rac8 14. Rfc1 Rfe8 15. h3 h6 16. Bd3 e6 17. e4 c5 18. axb5 c4 19. Bxc4 Nxe4 20. bxa6 Nxd2 21. Nxd2 Qxb3 22. Nxb3 Rxc4 23. axb7 Rb4 24. Nc5 Rxd4 25. Nxd7 Rxd7 26. Ne4 Be5 27. Rc8 Kf8 28. Rxe8+ Kxe8 29. Nf6+ 1/2-1/2

[Event "18th Charleroi Open-A 2019"]
[Site "Charleroi"]
[Date "2019.08.02"]
[Round "8.24"]
[White "Butzen, Robin"]
[Black "Fischer, Julie"]
[Result "0-1"]
[ECO "C56"]
[WhiteElo "1967"]
[BlackElo "2050"]
[Annotator "NA"]
[PlyCount "114"]
[EventDate "2019.07.22"]
[EventType "swiss"]
[EventCountry "BEL"]
[SourceTitle "playchess.com"]
[Source "ChessBase"]
[SourceQuality "1"]
[TimeControl "40/5400+30:1800+30"]

1. e4 e5 2. Bc4 Nf6 3. d4 exd4 4. Nf3 Nc6 5. O-O Nxe4 6. Re1 d5 7. Nxd4 Be7 8. Bb5 Bd7 9. f3 Nxd4 10. Qxd4 Bxb5 11. fxe4 O-O 12. Nc3 Ba6 13. Nxd5 c6 14. Nxe7+ Qxe7 15. b3 Rfd8 16. Qe3 b6 17. Bb2 c5 18. Qg3 Qf8 19. Rad1 Bb7 20. Rxd8 Rxd8 21. Qc7 Ba8 22. Bc3 Qd6 23. Qxa7 Qg6 24. Qe7 Rf8 25. g3 Qc6 26. Rd1 Qxe4 27. Qxe4 Bxe4 28. Rd6 b5 29. Rb6 b4 30. Be5 Bxc2 31. Bd6 Rc8 32. Bxc5 Bb1 33. Ra6 h6 34. Bxb4 Rc1+ 35. Kf2 Rc2+ 36. Ke3 Rxa2 37. Rb6 Rxh2 38. Bd6 f5 39. Be5 Be4 40. Rg6 Kf7 41. Rxg7+ Ke6 42. Bf4 Rb2 43. Kd4 Rxb3 44. Rg6+ Kf7 45. Rxh6 Rd3+ 46. Kc4 Rd7 47. Be5 Rd1 48. Rh7+ Ke6 49. Bf4 Bd5+ 50. Kc5 Be4 51. Bg5 Rd5+ 52. Kc4 Kd6 53. Rh6+ Kd7 54. Rh7+ Kc6 55. Re7 Rc5+ 56. Kd4 Rd5+ 57. Kc4 Rc5+ 0-1

[Event "18th Charleroi Open-A 2019"]
[Site "Charleroi"]
[Date "2019.08.02"]
[Round "8.26"]
[White "De Block, Fabio"]
[Black "Guion, Geoffrey"]
[Result "1-0"]
[ECO "E97"]
[WhiteElo "2039"]
[BlackElo "2006"]
[Annotator "NA"]
[PlyCount "98"]
[EventDate "2019.07.22"]
[EventType "swiss"]
[EventCountry "BEL"]
[SourceTitle "playchess.com"]
[Source "ChessBase"]
[SourceQuality "1"]
[TimeControl "40/5400+30:1800+30"]

1. Nf3 Nf6 2. d4 d6 3. c4 g6 4. Nc3 Bg7 5. e4 O-O 6. Be2 e5 7. O-O Nc6 8. d5 Ne7 9. b4 Nh5 10. g3 f5 11. Ng5 Nf6 12. f3 c6 13. Qb3 h6 14. Ne6 Bxe6 15. dxe6 d5 16. cxd5 cxd5 17. exd5 Nfxd5 18. Nxd5 Qxd5 19. Bc4 Qc6 20. b5 Qc7 21. Be3 f4 22. b6 Qc6 23. Bb5 Qd5 24. Qxd5 Nxd5 25. Bc5 Rfc8 26. e7 Nf6 27. Rac1 a6 28. Ba4 Kf7 29. gxf4 exf4 30. Rfe1 Ne8 31. Bb3+ Kf6 32. h4 g5 33. h5 g4 34. fxg4 Kg5 35. Be6 Rc6 36. Bd5 Rxc5 37. Rcd1 Bf6 38. Bf7 Kxg4 39. Re6 Kg3 40. Bxe8 Rxe8 41. Rxf6 Rxe7 42. Rxh6 Ree5 43. Rh7 Rxh5 44. Rxb7 Rcg5 45. Rd3+ f3 46. Rf7 Kh3+ 47. Kf1 Kg4 48. Rdxf3 Rb5 49. b7 Rxb7 1-0

[Event "18th Charleroi Open-A 2019"]
[Site "Charleroi"]
[Date "2019.08.02"]
[Round "8.27"]
[White "Godry, Clement"]
[Black "Miulescu, Gabriel"]
[Result "1/2-1/2"]
[ECO "E94"]
[WhiteElo "1962"]
[BlackElo "2020"]
[Annotator "NA"]
[PlyCount "69"]
[EventDate "2019.07.22"]
[EventType "swiss"]
[EventCountry "BEL"]
[SourceTitle "playchess.com"]
[Source "ChessBase"]
[SourceQuality "1"]
[TimeControl "40/5400+30:1800+30"]

1. d4 Nf6 2. c4 g6 3. Nc3 Bg7 4. e4 d6 5. Nf3 O-O 6. Be2 e5 7. O-O Na6 8. Be3 Ng4 9. Bg5 Qe8 10. h3 h6 11. Bc1 Nf6 12. dxe5 dxe5 13. Be3 Qe7 14. Nd5 Qd6 15. Qc2 c6 16. c5 Qd8 17. Nxf6+ Qxf6 18. Bxa6 bxa6 19. Rfd1 Be6 20. Rd6 Rfc8 21. Qa4 Rab8 22. Rxc6 Rxc6 23. Qxc6 Rxb2 24. Rc1 Qe7 25. Ne1 Bxa2 26. Qxa6 Be6 27. c6 Qc7 28. Qxa7 Qxa7 29. Bxa7 Ra2 30. Bb8 Rd2 31. Nf3 Rd8 32. Bxe5 Rc8 33. Bxg7 Kxg7 34. Nd4 Kf6 35. f4 1/2-1/2

[Event "18th Charleroi Open-A 2019"]
[Site "Charleroi"]
[Date "2019.08.02"]
[Round "8.28"]
[White "Ramacker, Quinten"]
[Black "Godde, Matthias"]
[Result "1-0"]
[ECO "D85"]
[WhiteElo "2006"]
[BlackElo "1989"]
[Annotator "NA"]
[PlyCount "46"]
[EventDate "2019.07.22"]
[EventType "swiss"]
[EventCountry "BEL"]
[SourceTitle "playchess.com"]
[Source "ChessBase"]
[SourceQuality "1"]
[TimeControl "40/5400+30:1800+30"]

1. d4 Nf6 2. c4 g6 3. Nc3 d5 4. cxd5 Nxd5 5. e4 Nxc3 6. bxc3 Bg7 7. Qa4+ Nd7 8. Nf3 O-O 9. Be2 c5 10. O-O Qc7 11. Bg5 Nf6 12. Bd3 b6 13. Rad1 Bb7 14. d5 h6 15. Bxf6 Bxf6 16. c4 Bc8 17. h3 Qf4 18. Nh2 h5 19. g3 Qc7 20. Kg2 Bd7 21. Qa6 Kg7 22. f4 e5 23. f5 g5 1-0

[Event "18th Charleroi Open-A 2019"]
[Site "Charleroi"]
[Date "2019.08.02"]
[Round "8.30"]
[White "Oupindrin, Narayanin"]
[Black "Lui, Eric"]
[Result "1-0"]
[ECO "A25"]
[WhiteElo "2056"]
[BlackElo "1884"]
[Annotator "NA"]
[PlyCount "56"]
[EventDate "2019.07.22"]
[EventType "swiss"]
[EventCountry "BEL"]
[SourceTitle "playchess.com"]
[Source "ChessBase"]
[SourceQuality "1"]
[TimeControl "40/5400+30:1800+30"]

1. c4 e5 2. g3 Nf6 3. Bg2 Nc6 4. Nc3 Bc5 5. a3 a5 6. e3 O-O 7. Nge2 Re8 8. O-O Ba7 9. h3 d6 10. f4 Qe7 11. b3 Bd7 12. Nd5 Nxd5 13. cxd5 Nb8 14. Bb2 Na6 15. Nc3 f5 16. Qc2 e4 17. g4 Nc5 18. g5 Nd3 19. Kh2 g6 20. Rh1 Qf7 21. Bf1 Nxb2 22. Qxb2 Qg7 23. Rb1 Rab8 24. Nb5 Qxb2 25. Rxb2 Bxb5 26. Bxb5 Red8 27. h4 Ra8 28. Kg3 Bc5 1-0

[Event "18th Charleroi Open-A 2019"]
[Site "Charleroi"]
[Date "2019.08.02"]
[Round "8.31"]
[White "Barbier, Astrid"]
[Black "Zamparo, Sergio"]
[Result "0-1"]
[ECO "B90"]
[WhiteElo "1941"]
[BlackElo "2031"]
[Annotator "NA"]
[PlyCount "44"]
[EventDate "2019.07.22"]
[EventType "swiss"]
[EventCountry "BEL"]
[SourceTitle "playchess.com"]
[Source "ChessBase"]
[SourceQuality "1"]
[TimeControl "40/5400+30:1800+30"]

1. e4 c5 2. Nf3 d6 3. d4 cxd4 4. Nxd4 Nf6 5. Nc3 a6 6. f3 e5 7. Nb3 Be7 8. Be3 Be6 9. Qd2 O-O 10. a4 d5 11. exd5 Nxd5 12. Nxd5 Qxd5 13. Qxd5 Bxd5 14. c4 Bb4+ 15. Kf2 Bc6 16. Be2 Nd7 17. Rhd1 Rfd8 18. Bd3 Nf6 19. Bb6 Re8 20. Bc5 Rad8 21. Bxb4 Ra8 22. Bc5 Rad8 0-1

[Event "18th Charleroi Open-A 2019"]
[Site "Charleroi"]
[Date "2019.08.03"]
[Round "9.1"]
[White "Gutenev, Alexander"]
[Black "Gurevich, Mikhail"]
[Result "0-1"]
[ECO "B08"]
[WhiteElo "2470"]
[BlackElo "2587"]
[Annotator "ChessBase"]
[PlyCount "110"]
[EventDate "2019.07.22"]
[EventType "swiss"]
[EventCountry "BEL"]
[SourceTitle "playchess.com"]
[Source "ChessBase"]
[SourceQuality "1"]
[TimeControl "40/5400+30:1800+30"]

1. e4 d6 2. d4 Nf6 3. Nc3 g6 4. Nf3 Bg7 5. Be2 O-O 6. O-O Nc6 7. d5 Nb8 8. h3 c6 9. Nd4 Qb6 10. Nb3 a5 11. Be3 Qc7 12. a4 Na6 13. Qd2 Bd7 14. Rac1 Nb4 15. Bf3 Rfc8 16. Rfd1 Qd8 17. Nd4 Qe8 18. g4 Qd8 19. Bg2 Be8 20. b3 Qc7 21. g5 Nd7 22. Nce2 Nc5 23. c3 Nba6 24. Rb1 Rd8 25. Qc2 e5 26. dxe6 Nxe6 27. f4 Bd7 28. Nf3 d5 29. f5 dxe4 30. Nh4 Nec5 31. b4 axb4 32. cxb4 Nd3 33. b5 Nab4 34. Qc4 gxf5 35. b6 Qe5 36. Bd4 Qe6 37. Rxb4 Bxd4+ 38. Nxd4 Qxc4 39. Rxc4 Nb2 40. Rdc1 Nxc4 41. Rxc4 Be6 42. Nxe6 fxe6 43. Bf1 Rd2 44. Ng2 Kf7 45. h4 Ra2 46. Rd4 Ke7 47. Ne3 R8xa4 48. Rd1 Ra1 49. Rxa1 Rxa1 50. Kg2 f4 51. Ng4 Rb1 52. h5 Rxb6 53. h6 Rb2+ 54. Kg1 Ra2 55. Bc4 Ra5 0-1

[Event "18th Charleroi Open-A 2019"]
[Site "Charleroi"]
[Date "2019.08.03"]
[Round "9.2"]
[White "Miezis, Normunds"]
[Black "Lugovskoy, Maxim"]
[Result "*"]
[ECO "C01"]
[WhiteElo "2495"]
[BlackElo "2425"]
[Annotator "ChessBase"]
[PlyCount "30"]
[EventDate "2019.07.22"]
[EventType "swiss"]
[EventCountry "BEL"]
[SourceTitle "playchess.com"]
[Source "ChessBase"]
[SourceQuality "1"]
[TimeControl "40/5400+30:1800+30"]

1. c4 e6 2. e4 d5 3. exd5 exd5 4. d4 Nf6 5. Nc3 Bb4 6. Bd3 O-O 7. Nge2 c5 8. O-O dxc4 9. Bxc4 cxd4 10. Nxd4 Bg4 11. Nce2 Bc5 12. Bf4 Bxe2 13. Nxe2 Qxd1 14. Rc1 Qxf1+ 15. Rxf1 Nc6 *

[Event "18th Charleroi Open-A 2019"]
[Site "Charleroi"]
[Date "2019.08.03"]
[Round "9.2"]
[White "Miezis, Normunds"]
[Black "Lugovskoy, Maxim"]
[Result "0-1"]
[ECO "C01"]
[WhiteElo "2495"]
[BlackElo "2425"]
[Annotator "ChessBase"]
[PlyCount "130"]
[EventDate "2019.07.22"]
[EventType "swiss"]
[EventCountry "BEL"]
[SourceTitle "playchess.com"]
[Source "ChessBase"]
[SourceQuality "1"]
[TimeControl "40/5400+30:1800+30"]

1. c4 e6 2. e4 d5 3. exd5 exd5 4. d4 Nf6 5. Nc3 Bb4 6. Bd3 O-O 7. Nge2 c5 8. O-O dxc4 9. Bxc4 cxd4 10. Nxd4 Bg4 11. Nce2 Bc5 12. Bf4 Bxe2 13. Nxe2 Qxd1 14. Raxd1 Nc6 15. a3 Rfe8 16. b4 Bb6 17. Ng3 Nd4 18. a4 Rac8 19. Rc1 Ne6 20. Bd6 Rcd8 21. Nf5 Nd4 22. Nxd4 Rxd6 23. Nf5 Rd2 24. a5 Bd4 25. Bb5 Rd8 26. Rc7 Ne4 27. Rxb7 Bxf2+ 28. Kh1 Kf8 29. Bc4 R2d7 30. a6 Bb6 31. g3 Nf2+ 32. Kg2 Ng4 33. Rd1 Rd2+ 34. Rxd2 Rxd2+ 35. Be2 Rxe2+ 36. Kf3 Rf2+ 37. Kxg4 h5+ 38. Kh3 Kg8 39. Ne7+ Kh7 40. Nd5 Bd4 41. Nf4 Kh6 42. Rd7 g5 43. Nxh5 Be5 44. Nf4 f5 45. g4 fxg4+ 46. Kxg4 Rxf4+ 47. Kh3 Rxb4 48. Rxa7 Rh4+ 49. Kg2 Rxh2+ 50. Kf3 Ra2 51. Ke4 Bh2 52. Ra8 Kh5 53. Rh8+ Kg4 54. a7 Rxa7 55. Rxh2 Re7+ 56. Kd3 Kg3 57. Rh8 g4 58. Rg8 Kf3 59. Rf8+ Kg2 60. Rg8 g3 61. Kd2 Kf2 62. Rf8+ Kg1 63. Rf3 g2 64. Rf8 Rh7 65. Ke2 Kh2 0-1

[Event "18th Charleroi Open-A 2019"]
[Site "Charleroi"]
[Date "2019.08.03"]
[Round "9.3"]
[White "Anciaux, Marc"]
[Black "Mirzoev, Azer"]
[Result "0-1"]
[ECO "B12"]
[WhiteElo "2120"]
[BlackElo "2474"]
[Annotator "ChessBase"]
[PlyCount "84"]
[EventDate "2019.07.22"]
[EventType "swiss"]
[EventCountry "BEL"]
[SourceTitle "playchess.com"]
[Source "ChessBase"]
[SourceQuality "1"]
[TimeControl "40/5400+30:1800+30"]

1. e4 c6 2. d4 d5 3. Nd2 g6 4. Ngf3 Bg7 5. c3 Nh6 6. Be2 O-O 7. O-O a5 8. a4 Na6 9. exd5 cxd5 10. Nb3 b6 11. Bf4 f6 12. Qd2 Nf7 13. Rfe1 Ra7 14. h3 Nc7 15. Bxc7 Rxc7 16. Bb5 e5 17. dxe5 fxe5 18. Rad1 Bb7 19. Qe2 Qf6 20. Nh2 h5 21. Nf1 Nd6 22. Ne3 Nxb5 23. axb5 Qf7 24. Nd2 Rc5 25. f3 Kh7 26. Qd3 Rcc8 27. Ndf1 Rfd8 28. Re2 Qf8 29. Red2 Qc5 30. Kh1 Bh6 31. Re2 Bf4 32. Nc2 Qc7 33. Nce3 Rd7 34. g3 Bh6 35. Kg2 Rf8 36. Nd2 Rff7 37. Rf1 Qc5 38. Nb3 Qf8 39. Ref2 a4 40. Nd2 Qc5 41. Nc2 Rfe7 42. Re2 e4 0-1

[Event "18th Charleroi Open-A 2019"]
[Site "Charleroi"]
[Date "2019.08.03"]
[Round "9.4"]
[White "Klinova, Masha"]
[Black "Goormachtigh, Johan"]
[Result "1/2-1/2"]
[ECO "B25"]
[WhiteElo "2269"]
[BlackElo "2164"]
[Annotator "NA"]
[PlyCount "92"]
[EventDate "2019.07.22"]
[EventType "swiss"]
[EventCountry "BEL"]
[SourceTitle "playchess.com"]
[Source "ChessBase"]
[SourceQuality "1"]
[TimeControl "40/5400+30:1800+30"]

1. e4 c5 2. Nc3 Nc6 3. g3 g6 4. Bg2 Bg7 5. d3 d6 6. f4 e6 7. Nf3 Nge7 8. O-O O-O 9. Be3 b6 10. Bf2 e5 11. Qd2 Nd4 12. Be3 Nxf3+ 13. Rxf3 Bg4 14. Rf2 exf4 15. gxf4 Qd7 16. Raf1 Rae8 17. Kh1 f5 18. h3 Bh5 19. Re1 Bf6 20. Rff1 Bh4 21. Bf2 Bf6 22. Bg3 Bg7 23. Bh4 Kh8 24. Kh2 b5 25. a3 a5 26. Nd5 Nxd5 27. exd5 b4 28. axb4 axb4 29. c3 bxc3 30. bxc3 Rxe1 31. Rxe1 Re8 32. Bf2 Kg8 33. c4 Bf6 34. Re6 Rxe6 35. dxe6 Qa4 36. Bd5 Kf8 37. d4 Be7 38. Qb2 Qb4 39. Qa2 Qb8 40. Kg3 h6 41. Qa3 g5 42. Be3 Qb1 43. dxc5 gxf4+ 44. Bxf4 Qe1+ 45. Kg2 Qe2+ 46. Kg1 Qe1+ 1/2-1/2

[Event "18th Charleroi Open-A 2019"]
[Site "Charleroi"]
[Date "2019.08.03"]
[Round "9.6"]
[White "Lacroix, Bruno"]
[Black "Capone, Nicola"]
[Result "1/2-1/2"]
[ECO "D93"]
[WhiteElo "2152"]
[BlackElo "2297"]
[Annotator "NA"]
[PlyCount "162"]
[EventDate "2019.07.22"]
[EventType "swiss"]
[EventCountry "BEL"]
[SourceTitle "playchess.com"]
[Source "ChessBase"]
[SourceQuality "1"]
[TimeControl "40/5400+30:1800+30"]

1. c4 Nf6 2. Nc3 g6 3. d4 d5 4. Nf3 Bg7 5. Bf4 O-O 6. Rc1 c6 7. e3 Bf5 8. h3 Qb6 9. Qb3 Qxb3 10. axb3 Na6 11. g4 Be4 12. Nxe4 Nxe4 13. Nd2 Nb4 14. c5 Rfe8 15. f3 Nxd2 16. Kxd2 e5 17. Bxe5 Bxe5 18. dxe5 Rxe5 19. Bd3 b6 20. Rhe1 Rb8 21. Bb1 Rd8 22. Kc3 bxc5 23. f4 d4+ 24. exd4 Rxe1 25. Rxe1 Rxd4 26. Be4 Kg7 27. f5 Kf6 28. fxg6 hxg6 29. h4 Kg7 30. g5 f5 31. gxf6+ Kxf6 32. Rf1+ Kg7 33. Re1 Kh6 34. Re2 Rd1 35. Rg2 Nd5+ 36. Bxd5 cxd5 37. Rg5 Rd4 38. Kc2 c4 39. b4 a6 40. Kc3 Rd3+ 41. Kc2 d4 42. Rg4 Kh5 43. Rg5+ Kxh4 44. Rxg6 Rb3 45. Rxa6 Kg5 46. Re6 Kf5 47. Re8 d3+ 48. Kc1 Rxb4 49. Re7 Kf4 50. Rf7+ Ke3 51. Re7+ Kd4 52. Rd7+ Kc5 53. Rc7+ Kd5 54. Rd7+ Kc6 55. Rd8 Rb5 56. Rc8+ Kd5 57. Rh8 Rb6 58. Rh5+ Kd4 59. Rh4+ Kc5 60. Rh5+ Kb4 61. Rh8 Kb3 62. Rc8 Rb4 63. Rd8 Rb5 64. Rc8 Rb4 65. Rd8 Ka4 66. Ra8+ Kb5 67. Rb8+ Kc5 68. Rc8+ Kd6 69. Rd8+ Kc6 70. Rc8+ Kb7 71. Rc5 Kb6 72. Rc8 Ra4 73. Kd2 Kb5 74. Kc3 Ra6 75. Rd8 Kc5 76. Rc8+ Kb5 77. Rb8+ Kc6 78. Kxc4 Kc7 79. Rh8 d2 80. Rh1 Rc6+ 81. Kd3 Rd6+ 1/2-1/2

[Event "18th Charleroi Open-A 2019"]
[Site "Charleroi"]
[Date "2019.08.03"]
[Round "9.8"]
[White "De Villers, Mourad"]
[Black "Abdullayev, Elshad"]
[Result "0-1"]
[ECO "A11"]
[WhiteElo "2140"]
[BlackElo "2204"]
[Annotator "NA"]
[PlyCount "84"]
[EventDate "2019.07.22"]
[EventType "swiss"]
[EventCountry "BEL"]
[SourceTitle "playchess.com"]
[Source "ChessBase"]
[SourceQuality "1"]
[TimeControl "40/5400+30:1800+30"]

1. c4 c6 2. Nf3 d5 3. g3 Nf6 4. Bg2 Bf5 5. cxd5 cxd5 6. Qb3 Qc8 7. Nc3 e6 8. d3 Nc6 9. O-O h6 10. Bf4 Be7 11. Ne5 g5 12. Nxc6 bxc6 13. Be5 O-O 14. e4 Bg6 15. Bxf6 Bxf6 16. f4 Rb8 17. Qc2 gxf4 18. gxf4 Bd4+ 19. Kh1 f5 20. Rae1 Rb7 21. b3 fxe4 22. dxe4 Rbf7 23. Qd2 Bg7 24. f5 Bh7 25. Rg1 d4 26. Na4 exf5 27. e5 f4 28. Bf3 c5 29. Bd5 Kh8 30. Bxf7 Rxf7 31. e6 Re7 32. Qg2 d3 33. Qd5 Bd4 34. Rg2 Bg8 35. Rg6 d2 36. Rxh6+ Rh7 37. Rxh7+ Kxh7 38. Qh5+ Kg7 39. Re4 Qa8 40. Nxc5 Bh7 41. Qg4+ Kh8 42. Qh5 Kg8 0-1

[Event "18th Charleroi Open-A 2019"]
[Site "Charleroi"]
[Date "2019.08.03"]
[Round "9.9"]
[White "Hoffmeister, Frank"]
[Black "Dauw, Sterre"]
[Result "1-0"]
[ECO "D93"]
[WhiteElo "2187"]
[BlackElo "2148"]
[Annotator "NA"]
[PlyCount "49"]
[EventDate "2019.07.22"]
[EventType "swiss"]
[EventCountry "BEL"]
[SourceTitle "playchess.com"]
[Source "ChessBase"]
[SourceQuality "1"]
[TimeControl "40/5400+30:1800+30"]

1. d4 Nf6 2. c4 g6 3. Nc3 d5 4. Nf3 Bg7 5. Bf4 O-O 6. e3 c5 7. dxc5 Qa5 8. Rc1 dxc4 9. Bxc4 Qxc5 10. Bb3 Qa5 11. O-O Nc6 12. h3 Bf5 13. Qe2 Ne4 14. Nd5 e5 15. Bg5 Nxg5 16. Nxg5 h6 17. Rxc6 hxg5 18. Rd6 Kh7 19. Ne7 Be4 20. Qg4 Bc6 21. Qxg5 Qb4 22. Rxg6 fxg6 23. Qxg6+ Kh8 24. Qh5+ Bh6 25. Qxh6# 1-0

[Event "18th Charleroi Open-A 2019"]
[Site "Charleroi"]
[Date "2019.08.03"]
[Round "9.10"]
[White "Manafov, Vugar"]
[Black "Sclacmender, Julien"]
[Result "1/2-1/2"]
[ECO "A04"]
[WhiteElo "2175"]
[BlackElo "2269"]
[Annotator "NA"]
[PlyCount "65"]
[EventDate "2019.07.22"]
[EventType "swiss"]
[EventCountry "BEL"]
[SourceTitle "playchess.com"]
[Source "ChessBase"]
[SourceQuality "1"]
[TimeControl "40/5400+30:1800+30"]

1. Nf3 c5 2. g3 Nc6 3. Bg2 g6 4. O-O Bg7 5. e4 e5 6. Nh4 d6 7. d3 Nge7 8. f4 exf4 9. gxf4 f5 10. exf5 Nxf5 11. Re1+ Kf8 12. Nf3 Nh4 13. Nbd2 Bg4 14. c3 Bf6 15. h3 Bh5 16. Ne4 Kg7 17. Ng3 Bxf3 18. Bxf3 Nxf3+ 19. Qxf3 Bh4 20. Re6 Bxg3 21. Qxg3 Ne7 22. Bd2 Nf5 23. Qf3 Qd7 24. Rae1 b5 25. Qe4 Kf7 26. Qd5 Kg7 27. Qe4 Kf7 28. Qd5 Kg7 29. d4 Kf7 30. Qe4 cxd4 31. cxd4 d5 32. Qe5 Rhe8 33. Qe4 1/2-1/2

[Event "18th Charleroi Open-A 2019"]
[Site "Charleroi"]
[Date "2019.08.03"]
[Round "9.11"]
[White "Gijsen, Stief"]
[Black "Roger, Mehdi"]
[Result "1/2-1/2"]
[ECO "C13"]
[WhiteElo "2227"]
[BlackElo "2125"]
[Annotator "NA"]
[PlyCount "116"]
[EventDate "2019.07.22"]
[EventType "swiss"]
[EventCountry "BEL"]
[SourceTitle "playchess.com"]
[Source "ChessBase"]
[SourceQuality "1"]
[TimeControl "40/5400+30:1800+30"]

1. e4 e6 2. d4 d5 3. Nc3 Nf6 4. Bg5 dxe4 5. Nxe4 Be7 6. Bxf6 Bxf6 7. Nf3 Bd7 8. Nxf6+ Qxf6 9. Ne5 O-O 10. Bd3 c5 11. Qh5 g6 12. Qe2 Bc6 13. O-O-O cxd4 14. Kb1 Bxg2 15. Rhg1 Nc6 16. Nd7 Qf3 17. Nxf8 Rxf8 18. Qe1 Qh3 19. f4 Bd5 20. Qf2 a6 21. Rg3 Qh6 22. a3 Rd8 23. f5 exf5 24. Bxf5 Re8 25. Bd7 Re4 26. Bxc6 Bxc6 27. Rgd3 Rf4 28. Qg1 Bf3 29. R1d2 Qh4 30. Rxd4 Rxd4 31. Rxd4 Qf6 32. Qe3 Bc6 33. Rd2 Kg7 34. Qd4 h5 35. c3 g5 36. Kc2 Kg6 37. Qxf6+ Kxf6 38. Kd3 Ke5 39. Ke3 f5 40. Rd8 f4+ 41. Kf2 Kf5 42. Rg8 g4 43. Rg7 h4 44. a4 g3+ 45. hxg3 hxg3+ 46. Kg1 Ke4 47. a5 Kd3 48. c4 f3 49. b4 Kxc4 50. Rxg3 Kxb4 51. Rg5 Bb5 52. Kf2 Kxa5 53. Kxf3 Kb4 54. Ke3 Bc4 55. Kd2 b5 56. Kc2 Bf1 57. Kb2 Ka4 58. Rg1 Bc4 1/2-1/2

[Event "18th Charleroi Open-A 2019"]
[Site "Charleroi"]
[Date "2019.08.03"]
[Round "9.12"]
[White "Roos, David"]
[Black "De Waele, Warre"]
[Result "0-1"]
[ECO "B94"]
[WhiteElo "2114"]
[BlackElo "2225"]
[Annotator "NA"]
[PlyCount "57"]
[EventDate "2019.07.22"]
[EventType "swiss"]
[EventCountry "BEL"]
[SourceTitle "playchess.com"]
[Source "ChessBase"]
[SourceQuality "1"]
[TimeControl "40/5400+30:1800+30"]

1. e4 c5 2. Nf3 d6 3. d4 cxd4 4. Nxd4 Nf6 5. Nc3 a6 6. Bg5 Nbd7 7. Qe2 b5 8. f4 h6 9. Bh4 e5 10. O-O-O g5 11. fxe5 dxe5 12. Bg3 exd4 13. e5 Ng8 14. Qe4 Ra7 15. e6 Ndf6 16. Bxb5+ axb5 17. Qc6+ Bd7 18. exd7+ Qxd7 19. Rhe1+ Be7 20. Rxe7+ Kxe7 21. Bd6+ Ke8 22. Re1+ Kd8 23. Qb6+ Rc7 24. Nxb5 Nd5 25. Bxc7+ Qxc7 26. Qa6 Qxc2+ 27. Kxc2 Nb4+ 28. Kb3 Nxa6 29. Re4 0-1